 Dungeon Crawl Stone Soup version 0.25-a0-549-g6e6e6501ad (webtiles) character file.

Game seed: 5869740149939755609, levelgen mode: deterministic

122 Freyura the Cudgeler (level 4, 0/34 HPs)
             Began as a Demonspawn Gladiator on Feb 23, 2020.
             Slain by Natasha (8 damage)
             ... on level 2 of the Dungeon.
             The game lasted 00:05:01 (1781 turns).

Freyura the Cudgeler (Demonspawn Gladiator)         Turns: 1781, Time: 00:05:02

Health: 0/34       AC:  6    Str: 15    XL:     4   Next: 78%
Magic:  4/4        EV: 11    Int:  9    God:
Gold:   105        SH:  0    Dex: 15    Spells: 3/3 levels left

rFire    . . .     SeeInvis .   a - +0 flail
rCold    . . .     Gourm    .   (no shield)
rNeg     . . .     Faith    .   n - +0 scale mail
rPois    .         Spirit   .   c - +0 helmet
rElec    .         Reflect  .   (no cloak)
rCorr    .         Harm     .   p - +0 pair of gloves
MR       .....     Clarity  +   l - +0 pair of boots
Stlth    ..........             (no amulet)
HPRegen  0.11/turn              (no ring)
MPRegen  0.09/turn              (no ring)

@: slowed, very slow
A: claws 1, hooves 1, clarity, deformed body, foul stench 1, wild magic 1, rot
immunity
a: no special abilities


You were on level 2 of the Dungeon.
You were not hungry.

You visited 1 branch of the dungeon, and saw 2 of its levels.

You collected 105 gold pieces.

Inventory:

Hand Weapons
 a - a +0 flail (weapon)
Missiles
 d - 3 throwing nets (quivered)
Armour
 c - a +0 helmet (worn)
 l - a +0 pair of boots (worn)
 n - a +0 scale mail (worn)
 p - a +0 pair of gloves (worn)
Wands
 e - a wand of polymorph (8)
Scrolls
 b - a scroll of teleportation {unknown}
 g - a scroll of identify {unknown}
 i - a scroll of random uselessness {unknown}
 m - 2 scrolls of magic mapping {unknown}
 r - a scroll of amnesia {unknown}
Potions
 j - a potion of degeneration {unknown}
 k - a potion of brilliance {unknown}
 o - a potion of might {unknown}
 q - a potion of flight {unknown}
Comestibles
 f - 4 rations


   Skills:
 + Level 2.4 Fighting
 * Level 4.0 Maces & Flails
 - Level 1.7 Throwing
 * Level 1.5 Armour
 + Level 3.2 Dodging
 + Level 0.3 Stealth


You had 3 spell levels left.
You didn't know any spells.
Your spell library was empty.

Dungeon Overview and Level Annotations

Branches:
Dungeon (2/15)

Altars:

Annotations:
D:2 Natasha


Innate Abilities, Weirdness & Mutations

You have sharp fingernails.
You may emit foul miasma when damaged in melee.
You are immune to rotting.
You have large cloven feet.
You possess an exceptional clarity of mind.
Armour fits poorly on your strangely shaped body.
Your spells are a little harder to cast, but a little more powerful.


Message History

You closely miss something. Something claws you but does no damage.
You barely miss something.
You hear some strange, mumbled words.
You feel yourself slow down.
You miss something. Something claws you. x2
You hit something.
Something claws you but does no damage. x2
You miss something.
You hear some strange, mumbled words.
A magic dart appears from out of thin air!
The magic dart hits you.
* * * LOW HITPOINT WARNING * * *
Something claws you.
* * * LOW HITPOINT WARNING * * *
It was a potion of mutation.
You feel extremely strange.
Your body twists and deforms.
Your thoughts seem clearer.
Your feet thicken and deform.
You feel less in control of your magic. Something claws you.
* * * LOW HITPOINT WARNING * * *
You miss something. Something claws you!
You die...

#.# #.#.#...#.#####
#.# #.#.#####......
#.# #.#............
#.# #######......
#.###### #.).... #
#รท##...# #......
#.###)##...# #......
.##.....##...###.####
#......
#.........'...@{....).
#......
###########...###.....
####### #...# ...
....... . #.......#
#.......# #.......#
#........


There were no monsters in sight!

Vanquished Creatures
  Jessica (D:2)
  Terence (D:2)
  Robin (D:2)
  An adder (D:2)
  An ooze (D:2)
  An adder zombie (D:1)
  A dart slug (D:1)
  A giant cockroach (D:1)
  16 goblins
  4 hobgoblins (D:2)
  3 kobolds
  5 bats (D:1)
  A quokka zombie (D:1)
  4 rats
41 creatures vanquished.

Notes
Turn   | Place    | Note
-------+----------+-------------------------------------------
     0 | D:1      | Freyura the Demonspawn Gladiator began the quest for the
                  | Orb.
     0 | D:1      | Reached XP level 1. HP: 16/16 MP: 1/1
   122 | D:1      | Reached skill level 3 in Maces & Flails
   123 | D:1      | Gained mutation: You are immune to rotting. [demonic
                  | ancestry]
   123 | D:1      | Reached XP level 2. HP: 19/22 MP: 2/2
  1007 | D:2      | Noticed Terence
  1019 | D:2      | Killed Terence
  1019 | D:2      | Reached skill level 1 in Armour
  1019 | D:2      | Gained mutation: You may emit foul miasma when damaged in
                  | melee. [demonic ancestry]
  1019 | D:2      | Reached XP level 3. HP: 22/27 MP: 3/3
  1091 | D:2      | Noticed Jessica
  1100 | D:2      | Killed Jessica
  1100 | D:2      | Gained mutation: You have sharp fingernails. [demonic
                  | ancestry]
  1100 | D:2      | Reached XP level 4. HP: 31/34 MP: 4/4
  1213 | D:2      | Noticed Robin
  1237 | D:2      | Killed Robin
  1269 | D:2      | Found a faded altar of an unknown god.
  1756 | D:2      | Reached skill level 4 in Maces & Flails
  1770 | D:2      | Noticed Natasha
  1780 | D:2      | Gained mutation: Armour fits poorly on your strangely
                  | shaped body. [potion of mutation]
  1780 | D:2      | Gained mutation: You possess an exceptional clarity of
                  | mind. [potion of mutation]
  1780 | D:2      | Gained mutation: You have large cloven feet. [potion of
                  | mutation]
  1780 | D:2      | Gained mutation: Your spells are a little harder to cast,
                  | but a little more powerful. [potion of mutation]
  1781 | D:2      | Slain by Natasha

Levels and vault maps discovered:
D:1:      saegor_arrival_fortress, layout_loops_corners
D:2:      layout_basic, chequers_ecumenical_altar_simple_redux, first_ration,
          uniq_natasha, uniq_terence, uniq_robin, uniq_jessica

Skill      XL: |  1  2  3  4 |
---------------+-------------+-----
Maces & Flails | 3 4 |  4.0
Armour         | 1 |  1.5
Dodging        | 3 |  3.2
Fighting       | |  2.4
Throwing       | |  1.7
Stealth        | |  0.3

Action                   |  1- 3 |  4- 6 || total
-------------------------+-------+-------++-------
Melee: Flail             |    81 |    66 ||   147
  Use: Scroll            |     1 |       ||     1
       Potion            |       |     2 ||     2
  Eat: Chunk             |       |     3 ||     3
Armor: Leather armour    |    22 |       ||    22
       Scale mail        |    18 |    57 ||    75
Dodge: Dodged            |    57 |    71 ||   128

Table legend:
 A = Non-vault XP
 B = Vault XP
 C = Vault XP percentage of total XP
 D = Non-vault monster count
 E = Vault monster count
 F = Vault count percentage of total count
                 A         B        C        D         E       F
            +---------+---------+-------+---------+---------+-------
      Total |      55 |     120 |  68.6 |      24 |      17 |  41.5
            +---------+---------+-------+---------+---------+-------
        D:1 |      27 |       7 |  20.6 |      17 |       2 |  10.5
        D:2 |      28 |     113 |  80.1 |       7 |      15 |  68.2
            +---------+---------+-------+---------+---------+-------
